Cogmind - Beta 13 @@@ ROGUE MODE // 2024.05.17 @ 16:45:25 Player: my balls icht Result: Destroyed by G-47 Trooper with Particle Gun Performance ------------- Evolutions (2) 1000 Regions Visited (4) 800 Robots Destroyed (39) 195 Value Destroyed (1084) 1084 Prototype IDs (2) 40 Alien Tech Used (0) 0 Bonus (0) 0 TOTAL SCORE: 3119 Bonus ------- None Cogmind --------- Core Integrity 0/550 Matter 255/300 Energy 12/100 System Corruption 1% Temperature Cool (11) Movement Flying (37) Location -8/Materials Parts ------- > --- POWER (2) -------- (None) > --- PROPULSION (2) --- Flight Unit Flight Unit > --- UTILITY (4) ------ Kinecellerator Weapon Cycler > --- WEAPON (3) ------- Improved Assault Rifle > --- INVENTORY (5) ---- Compact Wheel Component Analysis Suite System Restoration Module Peak State ------------ > --- POWER ------------ Improved Ion Engine Light Nuclear Core > --- PROPULSION ------- Light Treads Light Treads > --- UTILITY ---------- Small Storage Unit Structural Scanner Hacking Suite > --- WEAPON ----------- Heavy Assault Rifle Shotgun High-powered Shotgun > --- INVENTORY -------- Compact Wheel Flight Unit Flight Unit Flight Unit Flight Unit Component Analysis Suite System Restoration Module [Rating: 20] Favorites ----------- Power Light Ion Engine Engine Light Ion Engine Power Core Light Nuclear Core Propulsion Light Treads Treads Light Treads Hover Unit Backup Propulsion I Flight Unit Flight Unit Utility Small Storage Unit Device Structural Scanner Storage Small Storage Unit Hackware Hacking Suite Protection Light Armor Plating Weapon Heavy Assault Rifle Energy Gun Backup Laser I Energy Cannon Ion Cannon Ballistic Gun Heavy Assault Rifle Build | -11 -10 -10 -9 -8 ------- Run | Yrd Mat Min Mat Mat Slots Evolved 4 | . . . 2 2 Power 1 | . . . 1 . Propulsion . | . . . . . Utility 2 | . . . 1 1 Weapon 1 | . . . . 1 Parts Attached 50 | 5 9 2 16 18 Power 7 | 1 1 . 3 2 Engine 5 | 1 1 . 3 . Core 2 | . . . . 2 Reactor . | . . . . . Propulsion 15 | 2 2 . 7 4 Treads 8 | 2 2 . 4 . Leg . | . . . . . Wheel . | . . . . . Hover 1 | . . . 1 . Flight 6 | . . . 2 4 Utility 12 | . 1 1 4 6 Device 7 | . . 1 2 4 Storage 2 | . 1 . . 1 Processor . | . . . . . Hackware 1 | . . . 1 . Protection 2 | . . . 1 1 Artifact . | . . . . . Weapon 16 | 2 5 1 2 6 Energy Gun 2 | . 2 . . . Energy Cannon 1 | . . . . 1 Ballistic Gun 13 | 2 3 1 2 5 Ballistic Cannon . | . . . . . Launcher . | . . . . . Special Weapon . | . . . . . Impact Weapon . | . . . . . Slashing Weapon . | . . . . . Piercing Weapon . | . . . . . Special Melee Weapon . | . . . . . Unidentified Prototypes 2 | . 1 . . 1 Parts Lost 27 | . . 3 5 19 Power 6 | . . 1 1 4 Propulsion 6 | . . . 2 4 Utility 8 | . . 1 2 5 Weapon 7 | . . 1 . 6 Highest Loss Streak 6 | . . 3 2 6 To Critical Strikes . | . . . . . Average Slot Usage (%) 86 | . 79 83 93 69 Engine 15 | . 12 11 19 6 Treads 18 | . 26 28 18 10 Hover 1 | . . . 3 . Device 10 | . . 1 13 9 Storage 10 | . 14 14 11 8 Hackware 3 | . . . 3 6 Protection 1 | . . . 2 . Ballistic Gun 20 | . 25 27 19 16 Naked Turns . | . . . . . Heaviest Build 31 | 6 12 12 24 31 Greatest Support 40 | 40 40 40 40 40 Greatest Overweight (x) 10 | . . . 1 10 Average Overweight (x) . | . . . . . Largest Inventory Capacity 8 | 5 8 8 8 8 Average Capacity 7 | 5 8 8 8 7 Most Carried 8 | 4 6 7 7 8 Average Carried 5 | 3 3 6 6 6 Final Capacity 8 | 5 8 8 8 5 Final Carried 7 | 4 6 7 6 3 Class Distribution -------------------- 50% | Scavenger-Mutant 43% | Mutant 3% | Scavenger-Skirmisher Dominant Class ---------------- Mutant | -10/Materials Mutant | -10/Mines Scavenger-Mutant | -9/Materials Scavenger-Mutant | -8/Materials Resources | -11 -10 -10 -9 -8 ----------- Run | Yrd Mat Min Mat Mat Matter Collected 1183 | 229 10 150 355 439 Remotely . | . . . . . Salvage Created 1324 | 25 10 150 464 675 Parts 93 | 3 1 10 36 43 Haulers Intercepted . | . . . . . Recyclers Shooed 2 | . 1 1 . . Parts Field Recycled . | . . . . . Retrieved Matter . | . . . . . Parts Self-Destructed . | . . . . . Prevented . | . . . . . Kills | -11 -10 -10 -9 -8 ------- Run | Yrd Mat Min Mat Mat Combat Hostiles Destroyed 32 | . . 6 14 12 Melee 1 | . . 1 . . Guns 30 | . . 5 14 11 Cannons 1 | . . . . 1 Classes Destroyed 14 | 1 1 3 3 6 Worker 1 | . . . . 1 Builder 1 | . . . . 1 Tunneler 1 | 1 . . . . Recycler 1 | . . . . 1 Operator 2 | . 1 . 1 . Watcher 2 | . . . 1 1 Swarmer 12 | . . 3 7 2 Grunt 7 | . . 2 2 3 Brawler 2 | . . . 1 1 Sentry 6 | . . . 4 2 Specialist 2 | . . . . 2 Hunter 1 | . . . . 1 Heavy 1 | . . . . 1 Assembled 1 | . . 1 . . Best Kill Streak 4 | 1 1 3 4 3 Combat Bots Only 4 | . . 3 4 3 Max Kills in Single Turn 2 | 1 1 1 2 1 Gunslinging 1 | . . . 1 . Exploded . | . . . . . Melee 1 | . . 1 . . Uniques/NPCs Destroyed . | . . . . . Combat | -11 -10 -10 -9 -8 -------- Run | Yrd Mat Min Mat Mat Hostile Shots Fired 363 | . 27 47 79 210 Missed 112 | . 12 11 24 65 Damage Taken 3346 | . 131 492 610 2113 Core 870 | . 40 156 124 550 Absorbed by Shields . | . . . . . Core Remaining (%) 63 | 100 . 21 69 . Volleys Fired 141 | 7 6 20 59 49 Largest 3 | 2 2 2 2 3 Hottest 83 | 40 40 40 50 83 Shots Fired 274 | 14 9 39 101 111 Gun 266 | 14 9 39 101 103 Cannon 8 | . . . . 8 Launcher . | . . . . . Special . | . . . . . Kinetic 257 | 14 9 39 92 103 Thermal 17 | . . . 9 8 Explosive . | . . . . . Electromagnetic . | . . . . . Robot Hit Streak 8 | 3 3 3 6 8 Robot Miss Streak 10 | 2 3 3 10 3 Penetration Max . | . . . . . Secondary Targets 3 | . . 1 1 1 Max Gunslinging Chain 1 | . . 1 1 1 Shots Hit Robots 161 | 9 4 20 54 74 Core Hits 80 | 2 3 11 29 35 Critical Kills . | . . . . . Critical Parts Destroyed . | . . . . . Critical Strikes . | . . . . . Melee Attacks . | . . . . . Impact . | . . . . . Slashing . | . . . . . Piercing . | . . . . . Sneak Attacks . | . . . . . Combat Hostiles . | . . . . . Follow-up Attacks . | . . . . . Damage Inflicted 2300 | 86 44 245 655 1270 Guns 2154 | 86 44 241 654 1129 Cannons 139 | . . . . 139 Explosions . | . . . . . Melee . | . . . . . Ramming 7 | . . 4 1 2 Kinetic 2099 | 86 44 241 599 1129 Thermal 194 | . . . 55 139 Explosive . | . . . . . Electromagnetic . | . . . . . Impact . | . . . . . Slashing . | . . . . . Piercing . | . . . . . Highest Corruption 3 | . . 3 . 1 Average Corruption 1 | . . 3 . 1 Corruption Purged . | . . . . . Corruption Blocked . | . . . . . Overload Shots . | . . . . . Overflow Damage . | . . . . . Projectiles . | . . . . . Explosions . | . . . . . Melee . | . . . . . Knockbacks . | . . . . . Impact . | . . . . . Kinetic . | . . . . . Secondary . | . . . . . Self-Inflicted Damage . | . . . . . Shots . | . . . . . Rammed 4 | . . 2 1 1 Targets Rammed 5 | . . 3 1 1 Kicked . | . . . . . Crushed 1 | . . 1 . . Highest Temperature 294 | . . 9 5 294 Average Temperature 66 | . . 7 4 75 Received Heat Transfer 1100 | . 24 101 174 801 Effects 1 | . . . . 1 Interference 1 | . . . . 1 Siege Activations . | . . . . . Robots Corrupted . | . . . . . Combat Hostiles . | . . . . . Parts Fried . | . . . . . Impact Corruptions . | . . . . . Robots Melted . | . . . . . Combat Hostiles . | . . . . . Parts Melted 1 | . . . 1 . Heat Transferred 444 | . . . 222 222 Parts Sabotaged . | . . . . . Parts Stolen . | . . . . . Parts Stripped . | . . . . . Power Chain Reactions . | . . . . . Alert | -11 -10 -10 -9 -8 ------- Run | Yrd Mat Min Mat Mat Peak Influence 399 | 5 23 133 284 399 Initial 43 | . 3 8 43 20 Average 105 | 1 10 81 98 220 Maximum Alert Level 1 | . . . 1 1 Low Security (%) 86 | 100 100 100 95 44 Level 1 13 | . . . 4 55 Level 2 . | . . . . . Level 3 . | . . . . . Level 4 . | . . . . . Level 5 . | . . . . . High Security . | . . . . . Max Security . | . . . . . Squads Dispatched 6 | . 1 . 2 3 Investigation 1 | . . . 1 . Extermination . | . . . . . Reinforcement 5 | . 1 . 1 3 Assault . | . . . . . Garrison . | . . . . . Intercept . | . . . . . Searches Triggered . | . . . . . Construction Impeded 1 | . . . . 1 Haulers Reinforced . | . . . . . Active Scanning Responses . | . . . . . Cargo Convoy Interrupts . | . . . . . Stealth | -11 -10 -10 -9 -8 --------- Run | Yrd Mat Min Mat Mat Distress Signals 9 | . 1 . 1 7 Communications Jammed . | . . . . . Distress Signals . | . . . . . Times Spotted 79 | . 8 16 22 33 Peak Tracking Total 12 | . 5 12 4 7 Tactical Retreats 10 | . 1 . 1 8 Traps | -11 -10 -10 -9 -8 ------- Run | Yrd Mat Min Mat Mat Traps Triggered 3 | . 2 . . 1 Indirectly . | . . . . . Trap Hack Attempts . | . . . . . Triggered . | . . . . . Disarmed . | . . . . . Reprogrammed . | . . . . . Reused . | . . . . . Traps Extracted . | . . . . . Installed . | . . . . . Triggered . | . . . . . Machines | -11 -10 -10 -9 -8 ---------- Run | Yrd Mat Min Mat Mat Machines Disabled 2 | . 1 . 1 . Max in Single Turn 1 | . 1 . 1 . Machines Repaired . | . . . . . Machines Dismantled . | . . . . . Machines Sabotaged . | . . . . . Overloaded Fab Kills . | . . . . . Hacking | -11 -10 -10 -9 -8 --------- Run | Yrd Mat Min Mat Mat Machines Accessed 2 | . . . 2 . Terminals . | . . . . . Fabricators . | . . . . . Repair Stations 1 | . . . 1 . Recycling Units . | . . . . . Scanalyzers 1 | . . . 1 . Garrison Access . | . . . . . Total Hacks 8 | . . . 8 . Successful 4 | . . . 4 . Failed 4 | . . . 4 . Catastrophic . | . . . . . Database Lockouts . | . . . . . Manual . | . . . . . Terminals . | . . . . . Fabricators . | . . . . . Repair Stations 3 | . . . 3 . Recycling Units . | . . . . . Scanalyzers 5 | . . . 5 . Garrison Access . | . . . . . Terminal Hacks . | . . . . . Fabricator Hacks . | . . . . . Repair Station Hacks 1 | . . . 1 . Refit 1 | . . . 1 . Recycling Unit Hacks . | . . . . . Scanalyzer 3 | . . . 3 . Insert Component 1 | . . . 1 . Analyze 2 | . . . 2 . Garrison Access Hacks . | . . . . . Unauthorized Hacks . | . . . . . Terminals . | . . . . . Fabricators . | . . . . . Repair Stations . | . . . . . Recycling Units . | . . . . . Scanalyzers . | . . . . . Garrison Access . | . . . . . Data Cores Recovered . | . . . . . Used . | . . . . . Hacking Detections 1 | . . . 1 . Full Trace Events 1 | . . . 1 . Feedback Events . | . . . . . Feedback Blocked . | . . . . . Robot Schematics Acquired . | . . . . . Robots Built . | . . . . . Authchips . | . . . . . Time . | . . . . . Total Robot Build Rating . | . . . . . Part Schematics Acquired 1 | . . . 1 . Parts Built . | . . . . . Authchips . | . . . . . Time . | . . . . . Total Part Build Rating . | . . . . . Parts Repaired . | . . . . . Time . | . . . . . Parts Recycled . | . . . . . Recycled Matter . | . . . . . Retrieved Matter . | . . . . . Retrieved Components . | . . . . . Parts Scanalyzed 1 | . . . 1 . Part Schematics Acquired 1 | . . . 1 . Parts Damaged 1 | . . . 1 . Bothacking | -11 -10 -10 -9 -8 ------------ Run | Yrd Mat Min Mat Mat Used RIF Installer . | . . . . . Robots Hacked . | . . . . . Non-combat . | . . . . . Combat . | . . . . . Robot Hacks Applied . | . . . . . Relay Couplers Released . | . . . . . Fabnet Peak Effective % . | . . . . . Robots Rewired . | . . . . . Allies Hacked . | . . . . . Hacks Repelled . | . . . . . Allies | -11 -10 -10 -9 -8 -------- Run | Yrd Mat Min Mat Mat Total Allies . | . . . . . Largest Group . | . . . . . Highest-Rated Group . | . . . . . Highest-Rated Ally . | . . . . . Total Orders . | . . . . . Ally Attacks . | . . . . . Total Damage . | . . . . . Kills . | . . . . . Allies Corrupted . | . . . . . Allies Melted . | . . . . . Intel | -11 -10 -10 -9 -8 ------- Run | Yrd Mat Min Mat Mat Robot Analysis Total . | . . . . . Derelict Logs Recovered 1 | . . 1 . . Drone Launches . | . . . . . Drone Recoveries . | . . . . . Exploration | -11 -10 -10 -9 -8 ------------- Run | Yrd Mat Min Mat Mat Turns Passed 2512 | 169 230 182 1457 474 Spaces Moved 981 | 89 124 73 449 246 Core 12 | 3 . . . 9 Treads 755 | 86 124 73 372 100 Legs . | . . . . . Wheels . | . . . . . Hover 76 | . . . 76 . Flight 138 | . . . 1 137 Fastest Speed 37 | 50 160 160 117 37 Average Speed 148 | 156 160 160 155 122 Slowest Speed 550 | 160 160 160 160 550 Overloaded Moves . | . . . . . Propulsion Burnouts . | . . . . . Robots Hopped . | . . . . . Cave-ins Triggered . | . . . . . Exploration Rate (%) 25 | 7 30 19 46 23 Regions Visited 4 Branch Regions 1 Pre-discovered Areas . | . . . . . Known Exits Taken . | . . . . . Unknown Exits Taken 4 | 1 1 1 1 . Scrap Searched . | . . . . . Spaces Dug . | . . . . . Terrain Destroyed 2 | . . . . 2 Melee . | . . . . . Projectile 2 | . . . . 2 AOE . | . . . . . Terrain Rammed . | . . . . . Walls Destroyed . | . . . . . Machines Disabled . | . . . . . Actions | -11 -10 -10 -9 -8 --------- Run | Yrd Mat Min Mat Mat Total 1781 | 104 145 99 1114 319 Wait 577 | . . . 577 . Move 978 | 88 123 73 448 246 Hop . | . . . . . Pick Up 14 | 4 5 1 3 1 Fast Attach 35 | 5 5 2 11 12 Attach 12 | . 3 . 5 4 Detach 3 | . . . 2 1 Swap 3 | . 1 . . 2 Drop 14 | . 2 1 8 3 Fire 141 | 7 6 20 59 49 Melee . | . . . . . Ram . | . . . . . Kick . | . . . . . Crush 4 | . . 2 1 1 Escape Stasis . | . . . . . Rewire . | . . . . . Trap . | . . . . . Miscellaneous . | . . . . . Route ------- -11/Scrapyard -10/Materials (discovered 2 exits: [*Min x2]) -10/Mines -9/Materials -8/Materials History --------- Turn | Location | Event 4 | -11/Scrapyard | Discovered new exit (range 15) 170 | -11/Scrapyard | Entered Materials 171 | -10/Materials | Discovered new exit (range 15) 276 | -10/Materials | Discovered new exit (range 7) 325 | -10/Materials | Build established: Mutant 400 | -10/Materials | Entered Mines 480 | -10/Mines | Learned 4 Materials zone layouts 512 | -10/Mines | Found a hidden stash of uninstalled traps 552 | -10/Mines | Discovered new exit (range 12) 567 | -10/Mines | Assembled infested the area 580 | -10/Mines | Core integrity fell below 50% 582 | -10/Mines | Entered Materials 582 | -9/Materials | Evolved 2 slots: Power x1, Utility x1 612 | -9/Materials | Lost 3 parts (1p1u1w) 1311 | -9/Materials | Build established: Scavenger-Mutant 2029 | -9/Materials | Discovered new exit (range 6) 2039 | -9/Materials | Entered another Materials area 2039 | -8/Materials | Evolved 2 slots: Utility x1, Weapon x1 2423 | -8/Materials | Core integrity fell below 50% 2432 | -8/Materials | Lost 6 parts (1p3u2w) 2464 | -8/Materials | Core integrity fell below 20% 2507 | -8/Materials | Lost 6 parts (1p2n1u2w) 2513 | -8/Materials | Destroyed by G-47 Trooper with Particle Gun Last Messages --------------- Acquired Lgt. Nuclear Core. R-06 Scavenger collects Aluminum Leg. R-06 Scavenger collects Structural Scanner. Critical hit (Burn: +37). Assault Rifle destroyed. Lgt. Nuclear Core destroyed. Flight Unit destroyed. Ion Cannon destroyed. Flight Unit destroyed. Sml. Storage Unit destroyed. Critical hit (Burn: +37). Triggered Shock Trap. The floor emits a surge of raw power. System corrupted (+1). U-05 Engineer lays Concrete. Acquired Weapon Cycler. Acquired Kinecellerator. Acquired Prototype Ballistic Gun. Identified Imp. Assault Rifle. Critical hit (Burn: +37). Map ----- +----------------------------------------------------+ | | | | | | | | | | | | | | | | | | | | | | | | | | | | | | | | | | | ?????????????????????????????????????????????????? | | ?????????????????????????????????????????????????? | | ?????????????????????????????????????????????????? | | ???????????########??????"???????????????????????? | | ???????????#!!==!!#?????"" ??????????????????????? | | ???????????#! == !#?????? ?????????????????????? | | ???????????# #???????? ??????????????? #??? | | ???????????# ###########+############ ###? | | ???????????# @ Y | | ???????????# ggg^^ k | | ????????######+####+##### "T" ##### #??? | | ????????# # #?# g #???????????? | | ????????# # T #?# #???????????? | | ????????# # #?#! #???????????? | | ????????# ! # ]#?# ### ###???????? # | | ????????# # #?#+#+##+### ####### + | | ????????# ! # !!#??? ????# ! # | | ????????# [! # !!#???"" ????# # | | ????????# ### #??""" ???# # | | ????????###########??##??""" ???# ] ########### | | ???????????????????????? "??## ##?????????? | | ????????????????????????! Y???# #??????????? | | ???????????????????????? ""??# #??????????? | | ????????????????######## ??# #??????????? | | ????????????????###############???# #??????????? | | ????????????????## ##?????# #??????????? | | ????????????????## ##?????# #??????????? | | ???????????????### # ????# #??????????? | | ???????????????### # ??# #??????????? | | ???????????????### =%= # # #??????????? | | ???????????????### # ! = + +??????????? | | ???????????????### ]% # * # #??????????? | | ????????????????## # ??# # ?????????? | +----------------------------------------------------+ Best States ------------- Heat Dissipation 50 Energy Generation 21 Energy Capacity 325 Matter Stores 300 Matter Capacity 300 Sight Range 16 Robot Scan Range 15 Terrain Scan Density 10 Armor Coverage 225 Weapon Cycling 15 Evasion (%) 62 Recoil Reduction 2 Kinecelleration 30 Offensive Hacking 10 Item Schematics ----------------- Flight Unit | -9/Materials | Scanalyzed Robot Schematics ------------------ None Fabricated ------------ Nothing Alien Tech Used ----------------- None Achievements -------------- None Challenges ------------ None Game ------ Seed ShieldSuspensionTendrils Manual? 0 Play Time 00:19:30 Cumulative 17.2 hours Start 2024.05.17 @ 16:27:24 End 2024.05.17 @ 16:45:25 Sessions 1 Manual Loads 0 Difficulty Rogue Special Mode None Game No. 47 Rogue 47 Adventurer 0 Explorer 0 Win Type - Total 0 Types 0/0/0/0/0/0/0/0/0 Lore% 18 Gallery% 28 Achievement% 21 Wizard Run 0 Options --------- Layout 1 ASCII 0 Keyboard 0 Movement Mouse Keybinds 0 Fullscreen 1 Font 24/Smallcaps Map View 50x35 Zoom Use 0% Tactical HUD 0 Map Filters NONE Filters NONE Steam 1 RUN: fcd7966f-2abf-4e7a-a043-a7c58b1a7cf2